 Dungeon Crawl Stone Soup version 0.23.2-40-g277498a001 (webtiles) character file.

Game seed: 7374459569812542840

58 FishyPogo the Insei (level 3, -4/26 HPs)
             Began as a Demonspawn Transmuter on Aug 16, 2019.
             Slain by a wight
             ... wielding a +4 long sword
              (10 damage)
             ... on level 1 of the Dungeon.
             The game lasted 00:11:23 (1457 turns).

FishyPogo the Insei (Demonspawn Transmuter)         Turns: 1457, Time: 00:11:24

Health: -4/26      AC:  2    Str: 10    XL:     3   Next: 75%
Magic:  0/6        EV: 19    Int: 13    God:
Gold:   57         SH:  0    Dex: 18    Spells: 1/7 levels left

rFire    . . .     SeeInvis .     - Unarmed
rCold    . . .     Gourm    .   (shield currently unavailable)
rNeg     . . .     Faith    .   (armour currently unavailable)
rPois    .         Spirit   +   (helmet currently unavailable)
rElec    .         Reflect  .   (cloak currently unavailable)
rCorr    .         Harm     .   (gloves currently unavailable)
MR       .....                  (boots currently unavailable)
Stlth    ++........             f - amulet of guardian spirit
HPRegen  0.08/turn              q - ring of poison resistance
MPRegen  0.10/turn              (no ring)

@: spider-form (expiring), lightly drained
A: tiny, dopey 1, rot immunity
a: End Transformation


You were on level 1 of the Dungeon.
You were not hungry.
You were a venomous arachnid creature.
You visited 1 branch of the dungeon, and saw 2 of its levels.

You collected 57 gold pieces.

Inventory:

Hand Weapons
 a - a +2 dagger of speed (melded)
Missiles
 h - 70 stones (quivered)
 j - 29 arrows
 m - 4 tomahawks
Armour
 b - a +0 robe (melded)
Jewellery
 f - an amulet of guardian spirit (around neck)
 q - a ring of poison resistance (left front leg)
Wands
 t - a wand of flame (23)
Scrolls
 g - a scroll of identify {unknown}
 k - a scroll of enchant armour {unknown}
 o - a scroll of remove curse {unknown}
 p - a scroll of immolation {unknown}
 r - a scroll of blinking {unknown}
Potions
 c - a potion of mutation {unknown}
 e - a potion of degeneration {unknown}
 i - a potion of cancellation {unknown}
 l - 2 potions of ambrosia {unknown}
 n - a potion of curing {unknown}
 u - a potion of brilliance {unknown}
Comestibles
 d - 3 rations
 s - 11 chunks of flesh


   Skills:
 - Level 1.0(0.7) Fighting
 - Level 2.0(1.7) Dodging
 - Level 3.0(2.7) Unarmed Combat
 + Level 2.5(2.2) Spellcasting
 * Level 2.8(2.5) Transmutations
 * Level 1.0(0.8) Poison Magic


You had one spell level left.
You knew the following spells:

 Your Spells              Type           Power        Failure   Level  Hunger
d - Beastly Appendage     Tmut           #.....       22%         1    ##.....
e - Spider Form           Tmut/Pois      #.........   58%         3    ####...
h - Sticks to Snakes      Tmut           #.......     30%         2    ###....

Your spell library contained the following spells:

 Spells                   Type           Power        Failure   Level  Hunger
 Ice Form                 Ice/Tmut       #.......     93%         4    #####..
 Blade Hands              Tmut           #.........   98%         5    ######.


Dungeon Overview and Level Annotations

Branches:
Dungeon (2/15)

Altars:


Innate Abilities, Weirdness & Mutations

You are immune to rotting.
You are dopey. (Int -2)


Message History

You hit the wight.
The wight is moderately damaged.
The wight completely misses you.
You bite the wight!
The wight is severely damaged.
You barely miss the wight.
The wight is severely damaged.
The wight misses you.
Some of the chunks of flesh in your inventory have rotted away.
You hit the wight but do no damage.
The wight is severely damaged.
The wight hits you with a +4 long sword.
* * * LOW HITPOINT WARNING * * *
You feel drained.
* * * LOW HITPOINT WARNING * * *
You hit the wight.
The wight is almost destroyed.
Your transformation is almost over.
The wight hits you with a +4 long sword!
You die...

#####
....#############################
....'.........))s................
....############z################
....#######...........##.#
......รท...'...........+..#
......#####...........##.#
......# #.#.........##'#####
......# #...##.............#
......# ##..##.............#
......# #..##.............#


You could see a wight.

Vanquished Creatures
  Robin (D:2)
  2 dart slugs (D:1)
  5 bats (D:1)
  2 giant cockroaches (D:1)
  11 goblins
  7 hobgoblins
  2 frilled lizards (D:1)
  5 kobolds
  3 rats
38 creatures vanquished.

Vanquished Creatures (collateral kills)
  A goblin (D:1)
1 creature vanquished.

Grand Total: 39 creatures vanquished

Notes
Turn   | Place    | Note
-------+----------+-------------------------------------------
     0 | D:1      | FishyPogo the Demonspawn Transmuter began the quest for the
                  | Orb.
     0 | D:1      | Reached XP level 1. HP: 15/15 MP: 3/3
   193 | D:1      | Gained mutation: You are immune to rotting. [demonic
                  | ancestry]
   193 | D:1      | Reached XP level 2. HP: 13/21 MP: 1/5
   277 | D:1      | Reached skill level 3 in Unarmed Combat
   349 | D:1      | Learned a level 2 spell: Sticks to Snakes
   644 | D:1      | Reached XP level 3. HP: 23/26 MP: 3/6
   649 | D:1      | Learned a level 3 spell: Spider Form
  1114 | D:2      | Gained mutation: You are dopey. (Int -2) [mutagenic glow]
  1143 | D:2      | Noticed Robin
  1384 | D:2      | Killed Robin
  1391 | D:2      | Reached skill level 1 in Poison Magic
  1457 | D:1      | Slain by a wight

Skill      XL: |  1  2  3 |
---------------+----------+-----
Dodging        | 2 |  2.0
Unarmed Combat | 3 |  3.0
Transmutations | 2 |  2.8
Poison Magic   | 1 |  1.0
Fighting       | |  1.0
Spellcasting   | |  2.5

Action                   || total
-------------------------++-------
Melee: Unarmed           ||    45
       Kick              ||    10
       Punch             ||     1
       Dagger            ||    71
Throw: Stone             ||     2
 Cast: Beastly Appendage ||    23
       Sticks to Snakes  ||     2
       Spider Form       ||     1
 Stab: Distracted        ||     1
  Eat: Chunk             ||     2
Armor: Robe              ||    11
Dodge: Dodged            ||    54
